 Dungeon Crawl Stone Soup version 0.13.0-25-g43d4df3 (webtiles) character file.

506 Malachi the Ruffian (level 6, -11/50 HPs)
             Began as a Troll Wizard on Oct 27, 2013.
             Was a Follower of Cheibriados.
             Mangled by Pikel
             ... wielding a +0,+2 whip of electrocution
              (12 damage)
             ... on Level 4 of the Dungeon.
             The game lasted 00:06:53 (3061 turns).

Malachi the Ruffian (Troll Wizard)                  Turns: 3061, Time: 00:06:53

HP -11/50        AC  5     Str 19      XL: 6   Next: 11%
MP   2/10        EV 10     Int 19      God: Cheibriados [*.....]
Gold 212         SH  0     Dex 11      Spells:  3 memorised,  4 levels left

Res.Fire  : + . .   See Invis. : .     - Unarmed
Res.Cold  : . . .   Warding    : .   a - +0 robe
Life Prot.: . . .   Conserve   : .   (shield restricted)
Res.Poison: .       Res.Corr.  : .   b - +0 wizard hat
Res.Elec. : .       Clarity    : .   (no cloak)
Sust.Abil.: . .     Spirit.Shd : .   (gloves unavailable)
Res.Mut.  : +       Stasis     : .   (boots unavailable)
Res.Rott. : .       Flight     : .   y - amulet of resist mutation
Gourmand  : +                        (no ring)
                                     m - ring of protection from fire

@: very slightly contaminated, very slow, slightly resistant to hostile
enchantments, unstealthy
A: unfitting armour, claws 3, fast metabolism 3, gourmand, regeneration 2,
saprovore 2, tough skin 2, AC +1
a: Bend Time, Renounce Religion


You were on level 4 of the Dungeon.
You worshipped Cheibriados.
Cheibriados was aware of your devotion.
You were very full.

You visited 1 branch of the dungeon, and saw 4 of its levels.

You collected 192 gold pieces.

Inventory:

Armour
 a - a +0 robe (worn)
 b - a +0 wizard hat (worn)
Magical devices
 x - a wand of flame (14)
Comestibles
 d - 4 meat rations
 i - 4 chunks of troll flesh
 t - 10 strawberries
 v - a rotting chunk of rat flesh
 B - a rotting chunk of jackal flesh
 E - a bread ration
Scrolls
 e - a scroll of curse jewellery {unknown}
 l - a scroll of recharging {unknown}
 n - 2 scrolls of curse armour {unknown}
 o - 2 scrolls of identify
 p - a scroll of blinking {unknown}
 q - a scroll of enchant armour {unknown}
 r - 2 scrolls of fog {unknown}
 s - a scroll of curse weapon {unknown}
 u - a scroll of enchant weapon II {unknown}
Jewellery
 m - a ring of protection from fire (left claw)
 y - an amulet of resist mutation (around neck)
Potions
 g - a potion of heal wounds
 h - a potion of might {unknown}
 j - a potion of poison {unknown}
 k - a potion of cure mutation {unknown}
 w - 3 potions of curing
 A - a potion of flight {unknown}
 D - a potion of brilliance {unknown}
Books
 c - a book of Minor Magic

   Spells                             Type                      Level
   *Magic Dart                        Conjuration                  1
   *Blink                             Translocation                2
   Call Imp                           Summoning                    2
   *Repel Missiles                    Charms/Air                   2
   Slow                               Hexes                        2
   Conjure Flame                      Conjuration/Fire             3
   Mephitic Cloud                     Conjuration/Poison/Air       3
Magical staves
 z - an uncursed staff of poison
Carrion
 C - the troll skeleton of Purgy


   Skills:
 - Level 1.6 Dodging
 - Level 1.1 Stealth
 * Level 6.0 Unarmed Combat
 - Level 2.0 Spellcasting
 - Level 0.6 Conjurations
   Level 0.6 Summonings
 + Level 0.6 Translocations


You had 4 spell levels left.
You knew the following spells:

 Your Spells              Type           Power        Failure   Level  Hunger
a - Magic Dart            Conj           #...         14%         1    #......
b - Blink                 Tloc           N/A          21%         2    ##.....
c - Repel Missiles        Chrm/Air       #.........   24%         2    ##.....


Dungeon Overview and Level Annotations

Branches:
Dungeon (4/27)
 Temple: D:4-7

Altars:
Cheibriados

Annotations:
D:4 Pikel


Innate Abilities, Weirdness & Mutations

You are too large for most types of armour.
You have claws for hands.
Your metabolism is lightning-fast.
You like to eat raw meat.
You heal very quickly.
You can eat rotten meat.
You are covered in fur (AC +1).
You have very tough skin (AC +2).


Message History

Zapping:
x - a wooden wand
Press: ? - help, Shift-Dir - straight line, f - Pikel
Aim: Pikel, wielding a whip of electrocution and wearing a robe (lightly wounded)
The puff of flame hits Pikel.
Pikel is moderately wounded.
x - a wand of flame {zapped: 1} You claw Pikel!
Pikel begins to bleed from his wounds!
Pikel is heavily wounded.
Pikel barely misses you.
You closely miss Pikel.
Pikel is heavily wounded.
You closely miss Pikel.
Pikel is heavily wounded.
Pikel barely misses you.
You hit Pikel.
Pikel is severely wounded.
Pikel hits you with a whip of electrocution.
* * * LOW HITPOINT WARNING * * *
You are electrocuted!
You die...

###.######@ยง############
###.######..K............
.................##
###.######.#####.#
..#.######. #@#
[.......... #@#
....#.####. #@# ...#..#
#. #K# ..#.#.# . #@#
##### # #.# ... #.# ###
#.# #.# #.# #.# #.# #.#


You could see Pikel (bleeding) and 3 slaves.

Vanquished Creatures
  Purgy (D:4)
  A slave (D:4)
  An orc wizard (D:3)
  7 adders
  4 worms
  2 oozes
  4 orcs (D:3)
  3 giant cockroaches
  7 goblins
  9 hobgoblins
  A ball python (D:2)
  12 bats
  4 giant geckos
  A giant gecko skeleton (D:4)
  A giant newt (D:3)
  A hobgoblin skeleton (D:4)
  8 jackals
  10 kobolds
  7 rats
84 creatures vanquished.

Notes
Turn   | Place    | Note
--------------------------------------------------------------
     0 | D:1      | Malachi, the Troll Wizard, began the quest for the Orb.
     0 | D:1      | Reached XP level 1. HP: 14/14 MP: 5/5
   140 | D:1      | Reached skill level 1 in Unarmed Combat
   354 | D:1      | Reached XP level 2. HP: 17/22 MP: 6/6
   971 | D:2      | Reached XP level 3. HP: 20/28 MP: 7/7
  1025 | D:2      | Reached skill level 3 in Unarmed Combat
  1566 | D:2      | Found a snail-covered altar of Cheibriados.
  1712 | D:2      | Became a worshipper of Cheibriados the Contemplative
  1747 | D:3      | Reached XP level 4. HP: 30/36 MP: 8/8
  1980 | D:3      | Reached skill level 4 in Unarmed Combat
  2206 | D:3      | Reached XP level 5. HP: 38/42 MP: 8/8
  2367 | D:3      | Acquired Cheibriados' first power
  2515 | D:3      | Reached skill level 5 in Unarmed Combat
  2877 | D:4      | Noticed Purgy
  2889 | D:4      | Killed Purgy
  2889 | D:4      | Reached skill level 6 in Unarmed Combat
  2889 | D:4      | Reached XP level 6. HP: 21/50 MP: 10/10
  2945 | D:4      | Learned a level 2 spell: Blink
  2965 | D:4      | Learned a level 2 spell: Repel Missiles
  2994 | D:4      | Got a fine robe
  3000 | D:4      | Identified the cursed -4 robe of Schor {rC+} (You found it on level 4 of the Dungeon)
  3018 | D:4      | Noticed a slave
  3018 | D:4      | Noticed a slave
  3018 | D:4      | Noticed a slave
  3019 | D:4      | Noticed Pikel
  3020 | D:4      | Noticed a slave
  3033 | D:4      | Killed a slave
  3039 | D:4      | HP: 2/50 [Pikel/glowing whip (13)]
  3049 | D:4      | HP: 1/50 [Pikel/whip of electrocution (7)]
  3061 | D:4      | HP: 1/50 [Pikel/whip of electrocution (6)]
  3061 | D:4      | Mangled by Pikel

Action                   |  1- 3 |  4- 6 || total
-------------------------+-------+-------++-------
Melee: Unarmed           |   160 |   157 ||   317
       Staff             |       |    11 ||    11
 Cast: Magic Dart        |     3 |       ||     3
       Blink             |       |     4 ||     4
Evoke: Wand              |       |     1 ||     1
  Use: Potion            |       |     3 ||     3
       Scroll            |       |     5 ||     5
 Stab: Sleeping          |       |     1 ||     1
